AoeStats
← Lidrin

Arabia

510085813Analyzed
1v1 RM · 4d ago on Sep 29, 2026· 87m 36s· 2 players
Game mode
Random Map
Map size
Tiny (2 player)
Population
200
Speed
Normal
Resources
Standard
Victory
Conquest
Starting age
Dark Age
Ending age
Imperial Age
RankedLock teamsTeams togetherTeam positionsShared explorationLock speedFull tech treeHidden civsTurbo modeCheats
Victory
Defeat
🇬🇷 Poles · Greece
887
+18
🇦🇷 Magyars · Argentina
930
-18
Sunscream
7:14 Loom
11:15 Feudal Age
11:43 Double-Bit Axe
16:37 Horse Collar
19:55 Fletching
24:57 Castle Age
22:59 Horse Collar
25:02 Crossbowman
26:40 Thumb Ring
27:39 Bow Saw
29:53 Wheelbarrow
30:29 Stone Mining
31:50 Bodkin Arrow
31:58 Scale Mail Armor
32:24 Ballistics
33:01 Hand Cart
39:44 Gold Mining
40:34 Squires
40:53 Chain Mail Armor
40:49 Forging
43:40 Imperial Age
43:52 Szlachta Privileges
45:01 Bloodlines
44:54 Husbandry
44:18 Light Cavalry
45:22 Hand Cart
45:38 Winged Hussar
48:41 Scale Barding Armor
48:49 Town Watch
49:40 Elite Obuch
51:23 Iron Casting
56:27 Blast Furnace
55:49 Chain Barding Armor
56:01 Plate Mail Armor
57:06 Lechitic Legacy
62:03 Bracer
72:12 Heavy Plow
80:40 Padded Archer Armor
80:36 Elite Skirmisher
87:37 Chemistry
Lidrin
7:06 Loom
9:13 Feudal Age
9:57 Double-Bit Axe
15:16 Stone Mining
20:47 Castle Age
18:49 Horse Collar
19:49 Gold Mining
20:22 Scale Barding Armor
21:07 Bloodlines
21:05 Padded Archer Armor
23:17 Gold Shaft Mining
27:44 Crossbowman
28:30 Thumb Ring
27:52 Elite Skirmisher
30:24 Heavy Plow
33:13 Leather Archer Armor
32:49 Fletching
33:20 Chain Barding Armor
39:43 Corvinian Army
43:58 Wheelbarrow
48:21 Imperial Age
49:29 Conscription
50:13 Hand Cart
49:43 Town Watch
52:06 Elite Magyar Huszar
53:19 Ballistics
53:02 Bodkin Arrow
54:55 Plate Barding Armor
57:49 Crop Rotation
57:53 Bow Saw
62:08 Town Watch
63:33 Chemistry
64:52 Town Patrol
74:25 Scale Mail Armor
73:49 Pikeman
74:43 Halberdier
77:46 Ballistics
Connection lost

Rejoining the realm…

Still unreachable

The connection could not be restored.

Session expired

The server has moved on; the page needs a fresh start.